 Dungeon Sprint DCSS version 0.29.1-2-gbd0b4ee654 (webtiles) character file.

Game seed: 17383016151521870082

1249 Zeld the Cleaver (level 8, -6/120 HPs)
             Began as a Minotaur Berserker on Oct 25, 2022.
             Was a Priest of Trog.
             Mangled by a deep troll (19 damage)
             ... in the Dungeon (Sprint I: "Red Sonja").
             The game lasted 00:01:00 (1116 turns).

Zeld the Cleaver (Minotaur Berserker)               Turns: 1116, Time: 00:01:01

Health: -6/120     AC:  2    Str: 23    XL:     8   Next: 26%
Magic:  7/7        EV: 15    Int:  4    God:    Trog [***...]
Gold:   721        SH:  0    Dex: 11    Spells: 7/7 levels left

rFire   . . .      SeeInvis .   a - +0 hand axe
rCold   . . .      Faith    .   (no shield)
rNeg    . . .      Spirit   .   b - +0 animal skin
rPois   .          Reflect  .   (helmet restricted)
rElec   .          Harm     .   (no cloak)
rCorr   .          Rampage  .   (no gloves)
Will    .....      NoTele   +   (no boots)
Stlth   ..........              (no amulet)
HPRegen 0.30/turn               (no ring)
MPRegen 0.10/turn               (no ring)

@: berserking, very quick
A: horns 2, retaliatory headbutt
a: Renounce Religion, Berserk, Trog's Hand


You were in the Dungeon.
You worshipped Trog.
Trog was most pleased with you.
You visited 1 branch You collected 721 gold pieces.

Inventory:

Hand Weapons
 a - a +0 hand axe (weapon)
Armour
 b - a +0 animal skin (worn)
Wands
 i - a wand of polymorph (2)
Scrolls
 h - a scroll of blinking
Potions
 c - 5 potions of curing
 d - a potion of heal wounds
 e - a potion of haste
 f - 2 potions of magic
 g - a potion of berserk rage


   Skills:
 + Level 10.5 Fighting
 * Level 14.1 Axes
 + Level 10.1 Armour
 + Level 9.3 Dodging


You had 7 spell levels left.
You didn't know any spells.
Your spell library was empty.

Dungeon Overview and Level Annotations

Branches:
Dungeon (1/1)

Altars:
Cheibriados
Dithmenos
Elyvilon
Fedhas
Gozag
Hepliaklqana
Kikubaaqudgha
Makhleb
Nemelex Xobeh
Okawaru
Qazlal
Ru
Sif Muna
Trog
Uskayaw
Vehumet
Wu Jian
Xom
Yredelemnul
Zin
The Shining One
Jiyva
Lugonu

Shops:
D :(


Innate Abilities, Weirdness & Mutations

You have a pair of horns on your head.
You reflexively headbutt those who attack you in melee.


Message History

You feel yourself moving faster!
You feel mighty! The deep troll bites you.
The deep troll closely misses you. x2
You closely miss the deep troll. You headbutt the deep troll!
The deep troll is moderately wounded.
You hit the deep troll.
The deep troll is moderately wounded.
You barely miss the deep troll.
The deep troll is moderately wounded.
The deep troll bites you! The deep troll closely misses you.
The deep troll barely misses you.
You slash the deep troll!
The deep troll is heavily wounded.
You slash the deep troll!
The deep troll is heavily wounded.
You barely miss the deep troll.
The deep troll is heavily wounded.
The deep troll bites you! The deep troll closely misses you.
The deep troll claws you!
Unknown command.
You barely miss the deep troll. Your headbutt misses the deep troll.
The deep troll is heavily wounded.
Unknown command.
You barely miss the deep troll.
The deep troll is heavily wounded.
The deep troll bites you! The deep troll claws you!
* * * LOW HITPOINT WARNING * * *
The deep troll closely misses you.
You slash the deep troll!
You headbutt the deep troll, but do no damage.
The deep troll is severely wounded.
Unknown command.
You slash the deep troll!
The deep troll is almost dead.
Unknown command.
You hit the deep troll.
The deep troll is almost dead.
The deep troll bites you!
* * * LOW HITPOINT WARNING * * *
The deep troll claws you!!
You die...

#..#####'#####'#__####...+
#..####..#...#[#### #####
#..#__####..##)#
#..#_____##'#_.+
#⌠⌠#_.∩...'..._#
####_..__##_.#'#
#_____###'#)#
############.####+###
#∩........'.).@T$.$$+
###++++####...#######
###.### #.#'#.# #.....#
#..[..# #######


You could see a deep troll.

Vanquished Creatures
  2 kobold demonologists (D)
  A slime creature (D)
  Sigmund (D)
  A yak (D)
  A floating eye (D)
  An ogre (D)
  A jelly (D)
  Ijyb (D)
  A rat (D)
10 creatures vanquished.

Vanquished Creatures (others)
  2 ballistomycete spores (D)
2 creatures vanquished.

Grand Total: 12 creatures vanquished

Notes
Turn   | Place    | Note
-------+----------+-------------------------------------------
     0 | D        | Zeld the Minotaur Berserker began the quest for the Orb.
     0 | D        | Reached XP level 1. HP: 19/19 MP: 0/0
     2 | D        | Noticed Ijyb
    12 | D        | Killed Ijyb
    13 | D        | Reached skill level 5 in Axes
    13 | D        | Reached XP level 2. HP: 28/28 MP: 1/1
    94 | D        | Noticed an ogre
    99 | D        | Killed an ogre
   100 | D        | Reached skill level 7 in Axes
   100 | D        | Reached skill level 5 in Armour
   100 | D        | Reached XP level 3. HP: 37/37 MP: 2/2
   100 | D        | Reached XP level 4. HP: 44/44 MP: 3/3
   223 | D        | Noticed Sigmund
   227 | D        | Killed Sigmund
   227 | D        | Reached ** piety under Trog
   228 | D        | Reached skill level 10 in Axes
   228 | D        | Reached XP level 5. HP: 52/52 MP: 4/4
   228 | D        | Reached XP level 6. HP: 60/60 MP: 5/5
   287 | D        | Found an ornate altar of the Wu Jian Council.
   287 | D        | Found a shimmering blue altar of Sif Muna.
   289 | D        | Found a radiant altar of Vehumet.
   345 | D        | Found Xiycuewu's Antique Weapon Emporium.
   345 | D        | Found an ancient bone altar of Kikubaaqudgha.
   345 | D        | Found a hazy altar of Hepliaklqana.
   345 | D        | Found a hide-covered altar of Uskayaw.
   345 | D        | Found a basalt altar of Yredelemnul.
   345 | D        | Found an opulent altar of Gozag.
   345 | D        | Found a snail-covered altar of Cheibriados.
   345 | D        | Found a sacrificial altar of Ru.
   345 | D        | Found a shadowy altar of Dithmenos.
   345 | D        | Noticed a yak
   355 | D        | Killed a yak
   356 | D        | Reached skill level 11 in Axes
   356 | D        | Found a stormy altar of Qazlal.
   356 | D        | Found a blossoming altar of Fedhas.
   356 | D        | Found a bloodstained altar of Trog.
   356 | D        | Found an iron altar of Okawaru.
   356 | D        | Found a glowing golden altar of the Shining One.
   356 | D        | Found a glowing silver altar of Zin.
   356 | D        | Found a white marble altar of Elyvilon.
   374 | D        | Found a sparkling altar of Nemelex Xobeh.
   464 | D        | Found a burning altar of Makhleb.
   464 | D        | Found a viscous altar of Jiyva.
   464 | D        | Found a shimmering altar of Xom.
   464 | D        | Found a corrupted altar of Lugonu.
   464 | D        | Noticed a slime creature
   470 | D        | Killed a slime creature
   471 | D        | Reached skill level 12 in Axes
   471 | D        | Reached XP level 7. HP: 61/70 MP: 6/6
   732 | D        | Noticed a kobold demonologist
   732 | D        | Noticed a kobold demonologist
   734 | D        | Paralysed by a floating eye for 3 turns
   739 | D        | Killed a kobold demonologist
   739 | D        | Reached *** piety under Trog
   740 | D        | Reached skill level 13 in Axes
   741 | D        | Reached skill level 10 in Fighting
   748 | D        | Killed a kobold demonologist
   749 | D        | Reached skill level 14 in Axes
   749 | D        | Reached skill level 10 in Armour
   749 | D        | Reached XP level 8. HP: 80/80 MP: 7/7
   817 | D        | Noticed Sonja
   818 | D        | Noticed Sonja
   818 | D        | Sonja changed into Sonja the rat
   819 | D        | Killed Sonja the rat
   819 | D        | Reached **** piety under Trog
  1076 | D        | Found Xisaler's Book Boutique.
  1100 | D        | Noticed a deep troll
  1116 | D        | Mangled by a deep troll

Illustrated notes

Levels and vault maps discovered:
D:        dungeon_sprint_1 [red_sonja_temple_1, red_sonja_temple_small_1]

Skill      XL: |  1  2  3  4  5  6  7 |
---------------+----------------------+-----
Fighting       | 4 6 7 9 10 | 10.5
Axes           | 5 7 10 12 14 | 14.1
Armour         | 3 5 7 8 10 | 10.1
Dodging        | 3 4 6 8 9 |  9.3

Action                   |  1- 3 |  4- 6 |  7- 9 || total
-------------------------+-------+-------+-------++-------
Melee: Unarmed           |     7 |       |       ||     7
       Hand axe          |     4 |    17 |    26 ||    47
       Headbutt          |     1 |     7 |     5 ||    13
       Punch             |       |       |     1 ||     1
Invok: Berserk           |     2 |     4 |     2 ||     8
Evoke: Wand              |       |       |     1 ||     1
Armor: Animal skin       |       |     1 |     2 ||     3
Dodge: Dodged            |     3 |     1 |    12 ||    16
